 Dungeon Crawl Stone Soup version 0.21-a0-421-gfc1ce30 (webtiles) character file.

11242 tof the Carver (level 11, -10/99 HPs)
             Began as a Minotaur Monk on Nov 4, 2017.
             Was a High Priest of Okawaru.
             Mangled by a blink frog (12 damage)
             ... led by Prince Ribbit
             ... on level 1 of the Lair of Beasts.
             The game lasted 00:22:01 (14521 turns).

tof the Carver (Minotaur Monk)                     Turns: 14521, Time: 00:22:02

Health: -10/99     AC: 16    Str: 14    XL:     11   Next: 46%
Magic:  0/10       EV: 18    Int:  7    God:    Okawaru [*****.]
Gold:   645        SH:  0    Dex: 19    Spells: 10/10 levels left

rFire    . . .     SeeInvis .   C - +7 war axe of Zuxivo {freeze, +Rage +Fly}
rCold    + . .     Gourm    .   (no shield)
rNeg     . . .     Faith    +   p - +0 scale mail {rC+}
rPois    .         Spirit   +   (helmet unavailable)
rElec    .         Reflect  .   M - scarf {Spirit}
rCorr    .         Harm     .   Z - +2 pair of gloves {Dex+3}
MR       .....                  T - +0 pair of boots
Stlth    +.........             x - amulet of faith
HPRegen  0.26/turn              r - +3 ring of evasion
MPRegen  0.12/turn              o - +3 ring of protection

@: no status effects
A: retaliatory headbutt, horns 3, mutation resistance 1, weak 1
a: Heroism, Finesse, Renounce Religion, Evoke Berserk Rage, Evoke Flight


You were on level 1 of the Lair of Beasts.
You worshipped Okawaru.
Okawaru was extremely pleased with you.
You were not hungry.

You visited 3 branches of the dungeon, and saw 14 of its levels.

You collected 645 gold pieces.

Inventory:

Hand Weapons
 a - a +0 falchion
 C - the +7 war axe of Zuxivo (weapon) {freeze, +Rage +Fly}
   (You found it on level 8 of the Dungeon)

   It has been specially enchanted to freeze those struck by it, causing extra
   injury to most foes and up to half again as much damage against particularly
   susceptible opponents.
   It can also slow down cold-blooded creatures.
   It lets you fly.
   It lets you go berserk.
Missiles
 b - 48 poisoned needles
 v - 8 tomahawks
 y - 4 poisoned tomahawks
 B - 5 poisoned javelins (quivered)
 L - a throwing net
 X - 8 needles of sleeping
Armour
 p - a +0 scale mail of cold resistance (worn)
 M - a scarf of spirit shield (worn)
 T - a +0 pair of boots (worn)
 Z - a +2 pair of gloves of dexterity (worn)
Jewellery
 o - a +3 ring of protection (right hand)
 r - a +3 ring of evasion (left hand)
 x - an amulet of faith (around neck)
 I - the ring of the Morning {rElec EV+3, unknown}
   (You took it off a gnoll on level 8 of the Dungeon)

   [ring of evasion]

   It affects your evasion (+3).
   It insulates you from electricity.
 W - a +3 ring of intelligence {unknown}
Wands
 E - a wand of iceblast (0/15)
 F - a wand of polymorph (2/24)
Scrolls
 g - 3 scrolls of enchant armour
 k - a scroll of brand weapon {unknown}
 m - 3 scrolls of remove curse
 q - a scroll of fog
 t - 5 scrolls of teleportation
 w - 7 scrolls of recharging
 K - a scroll of fear {unknown}
 N - a scroll of amnesia {unknown}
 Q - a scroll of identify
 V - a scroll of immolation {unknown}
Potions
 d - 6 potions of lignification
 e - 4 potions of might {unknown}
 h - 2 potions of berserk rage {unknown}
 l - a potion of brilliance {unknown}
 n - 2 potions of magic {unknown}
 s - 2 potions of curing {unknown}
 u - 2 potions of heal wounds {unknown}
 z - a potion of cancellation {unknown}
 D - 2 potions of ambrosia {unknown}
 G - a potion of haste {unknown}
 H - a potion of flight {unknown}
 Y - a potion of degeneration {unknown}
Books
 i - a book of Maledictions

   Spells                             Type                      Level
   a - Corona                         Hexes                        1
   b - Ensorcelled Hibernation        Hexes/Ice                    2
   c - Confuse                        Hexes                        3
   d - Tukima's Dance                 Hexes                        3
   e - Dazzling Spray                 Conjuration/Hexes            3
 J - a book of Enchantments

   Spells                             Type                      Level
   a - Cause Fear                     Hexes                        4
   b - Yara's Violent Unravelling     Hexes/Transmutation          5
   c - Silence                        Hexes/Air                    5
   d - Deflect Missiles               Charms/Air                   6
   e - Discord                        Hexes                        8
 R - a book of Necromancy

   Spells                             Type                      Level
   a - Pain                           Necromancy                   1
   b - Animate Skeleton               Necromancy                   1
   c - Vampiric Draining              Necromancy                   3
   d - Regeneration                   Charms/Necromancy            3
   e - Animate Dead                   Necromancy                   4
   f - Control Undead                 Necromancy                   4
 U - a book of Ice

   Spells                             Type                      Level
   a - Ice Form                       Ice/Transmutation            4
   b - Metabolic Englaciation         Hexes/Ice                    5
   c - Ozocubu's Refrigeration        Ice                          6
   d - Bolt of Cold                   Conjuration/Ice              6
   e - Freezing Cloud                 Conjuration/Ice/Air          6
   f - Simulacrum                     Ice/Necromancy               6
Miscellaneous
 O - a phial of floods (inert)
Comestibles
 c - 10 bread rations
 f - 20 fruits
 j - 3 meat rations
 A - 2 royal jellies


   Skills:
 + Level 9.8 Fighting
 * Level 12.9 Long Blades
 + Level 7.3 Throwing
 + Level 8.8 Armour
 + Level 8.9 Dodging
 - Level 1.5 Stealth


You had 10 spell levels left.
You didn't know any spells.

Dungeon Overview and Level Annotations

Branches:
Dungeon (12/15)            Temple (1/1) D:4            Lair (1/6) D:8
    Orc (0/2) D:10

Altars:
Ashenzari
Cheibriados
Dithmenos
Elyvilon
Fedhas
Gozag
Hepliaklqana
Kikubaaqudgha
Makhleb
Nemelex Xobeh
Okawaru
Qazlal
Ru
Sif Muna
Trog
Uskayaw
Vehumet
Wu Jian
Xom
Yredelemnul
Zin
The Shining One

Annotations:
D:2 1 runed door
D:3 tof's ghost, amateur MiMo
Lair:1 Prince Ribbit; Scuka's ghost, journeyman TrMo


Innate Abilities, Weirdness & Mutations

You reflexively headbutt those who attack you in melee.
You have a pair of large horns on your head.
You are somewhat resistant to further mutation.
You are weak. (Str -2)


Message History

You hit the blink frog. You freeze the blink frog. You slash Prince Ribbit!
Prince Ribbit seems to slow down.
You freeze Prince Ribbit.
The blink frog is no longer moving slowly.
Prince Ribbit hits you.
* * * LOW HITPOINT WARNING * * *
The blink frog closely misses you. You furiously retaliate!
You headbutt the blink frog!
The blink frog blinks! x2
Scuka's ghost hits you!!
* * * LOW HITPOINT WARNING * * *
You slash Scuka's ghost! You freeze Scuka's ghost.
Your headbutt misses Scuka's ghost.
Scuka's ghost is moderately damaged.
You slash Prince Ribbit!
Prince Ribbit seems to slow down.
You freeze Prince Ribbit.
Your scale mail prevents you from hitting the blink frog.
You hit the blink frog.
The blink frog seems to slow down.
You freeze the blink frog.
You feel like a meek peon again. The blink frog hits you!
You die...

#...........##
#...###.
.#..........##
##...###
.............##
##...##
.............P###
##....
.........P......#
##...
..........P.....#
###.
.....§........###
##
...........F..##.#
..........F@....#
..........FW§....#
................##
................#
...............#
............#
............#
............#


You could see Prince Ribbit, 2 blink frogs and Scuka's ghost.

Vanquished Creatures
  Pikel (D:4)
  A black mamba (Lair:1)
  Joseph (D:8)
  2 centaur skeletons (D:11)
  4 kobold demonologists (D:11)
  2 komodo dragons (Lair:1)
  A troll (D:9)
  A polar bear (D:12)
  Grinder (D:6)
  2 hippogriffs
  A spriggan (D:7)
  A wyvern (D:11)
  5 yaks
  A basilisk (Lair:1)
  2 hungry ghosts
  Edmund (D:7)
  2 water moccasins
  2 hell hounds (D:8)
  2 porcupines (Lair:1)
  A hornet zombie (D:6)
  4 orc warriors
  A phantom (D:9)
  A sky beast (D:10)
  5 ogres
  A necrophage (D:11)
  3 centaurs
  6 big kobolds (D:11)
  A crocodile (Lair:1)
  10 bullfrogs
  5 scorpions
  An electric eel (Lair:1)
  3 wights (D:6)
  A crimson imp (D:4)
  4 howler monkeys
  2 bullfrog zombies
  2 jellies
  4 orc priests
  4 hounds
  8 orc wizards
  Terence (D:2)
  2 iguanas
  7 worker ants
  A hound skeleton (D:7)
  A mummy (D:5)
  A worker ant zombie (D:8)
  7 gnolls
  A howler monkey skeleton (D:4)
  8 adders
  4 shadow imps
  An adder skeleton (D:8)
  2 worms
  2 dart slugs (D:3)
  3 leopard geckos
  42 orcs
  5 giant cockroaches
  9 goblins
  6 hobgoblins
  21 jackals
  4 quokkas
  A ball python (D:3)
  5 bats
  5 frilled lizards
  4 hobgoblin zombies (D:5)
  13 kobolds
  3 quokka skeletons
  3 rats
  A plant (Lair:1)
263 creatures vanquished.

Vanquished Creatures (collateral kills)
  A hydra (Lair:1)
1 creature vanquished.

Vanquished Creatures (others)
  2 slaves
  2 worker ants (D:4)
  2 adders
  3 fungi (Lair:1)
  5 plants (Lair:1)
14 creatures vanquished.

Grand Total: 278 creatures vanquished

Notes
Turn   | Place    | Note
-------+----------+-------------------------------------------
     0 | D:1      | tof the Minotaur Monk began the quest for the Orb.
     0 | D:1      | Reached XP level 1. HP: 19/19 MP: 0/0
   311 | D:1      | Reached XP level 2. HP: 14/27 MP: 1/1
   578 | D:1      | Reached skill level 4 in Long Blades
  1177 | D:2      | Reached skill level 1 in Armour
  1177 | D:2      | Reached XP level 3. HP: 14/33 MP: 2/2
  1376 | D:2      | Noticed Terence
  1399 | D:2      | Killed Terence
  1399 | D:2      | Reached skill level 1 in Throwing
  1567 | D:2      | Reached XP level 4. HP: 26/40 MP: 3/3
  1767 | D:2      | Found a runed door.
  1768 | D:2      | Noticed a human
  1770 | D:2      | Found a basalt altar of Yredelemnul.
  2540 | D:2      | Reached skill level 5 in Long Blades
  3051 | D:3      | Noticed tof's ghost (amateur MiMo)
  3162 | D:3      | Reached XP level 5. HP: 46/46 MP: 4/4
  3772 | D:4      | Found a staircase to the Ecumenical Temple.
  3772 | D:4      | Noticed an ogre
  3783 | D:4      | Killed an ogre
  3785 | D:4      | Reached XP level 6. HP: 26/53 MP: 5/5
  3817 | Temple   | Entered the Ecumenical Temple
  4037 | Temple   | Became a worshipper of Warmaster Okawaru
  4037 | Temple   | Reached * piety under Okawaru
  4037 | Temple   | Reached ** piety under Okawaru
  4322 | D:4      | Reached skill level 6 in Long Blades
  4393 | D:4      | Noticed a slave
  4394 | D:4      | Noticed a slave
  4396 | D:4      | Noticed a slave
  4396 | D:4      | Noticed a slave
  4396 | D:4      | Noticed Pikel
  4436 | D:4      | Killed Pikel
  4436 | D:4      | Reached *** piety under Okawaru
  4436 | D:4      | Reached skill level 5 in Fighting
  4436 | D:4      | Reached skill level 7 in Long Blades
  4436 | D:4      | Reached skill level 5 in Dodging
  4436 | D:4      | Reached XP level 7. HP: 7/61 MP: 6/6
  4847 | D:5      | Entered Level 5 of the Dungeon
  4929 | D:5      | Reached **** piety under Okawaru
  4929 | D:5      | Reached XP level 8. HP: 31/70 MP: 7/7
  6287 | D:5      | Received a gift from Okawaru
  6292 | D:5      | Reached skill level 8 in Long Blades
  6477 | D:6      | Found a hide-covered altar of Uskayaw.
  6668 | D:6      | Reached skill level 5 in Armour
  6733 | D:6      | Noticed Grinder
  6756 | D:6      | Killed Grinder
  6942 | D:6      | Reached skill level 9 in Long Blades
  6942 | D:6      | Reached XP level 9. HP: 65/78 MP: 8/8
  7850 | D:7      | Reached ***** piety under Okawaru
  7864 | D:7      | Noticed Edmund
  7873 | D:7      | Killed Edmund
  7873 | D:7      | Reached skill level 5 in Throwing
  8291 | D:7      | Reached skill level 10 in Long Blades
  9368 | D:8      | Got a shimmering war axe
  9369 | D:8      | Identified the +7 war axe of Zuxivo {freeze, +Rage +Fly} (You found it on level 8 of the Dungeon)
  9414 | D:8      | Found a staircase to the Lair.
  9444 | D:8      | Got a pitted wooden ring
  9473 | D:8      | Received a gift from Okawaru
  9736 | D:8      | Reached XP level 10. HP: 65/88 MP: 5/9
  9780 | D:8      | Noticed Joseph
  9791 | D:8      | Killed Joseph
 10681 | D:9      | Reached skill level 11 in Long Blades
 11234 | D:10     | Entered Level 10 of the Dungeon
 11743 | D:10     | Found a staircase to the Orcish Mines.
 11808 | D:10     | Gained mutation: You are weak. (Str -2) [mutagenic meat]
 11809 | D:10     | Gained mutation: You have a pair of large horns on your head. [mutagenic meat]
 11810 | D:10     | Gained mutation: You are somewhat resistant to further mutation. [mutagenic meat]
 11865 | D:11     | Noticed an orange demon
 12266 | D:11     | Noticed a rust devil
 12273 | D:11     | Noticed a rust devil
 12279 | D:11     | Noticed a smoke demon
 12284 | D:11     | Reached skill level 12 in Long Blades
 12294 | D:11     | Received a gift from Okawaru
 12541 | D:11     | Reached XP level 11. HP: 92/97 MP: 8/10
 12719 | D:12     | Reached ****** piety under Okawaru
 12719 | D:12     | Received a gift from Okawaru
 13116 | Lair:1   | Entered Level 1 of the Lair of Beasts
 13216 | Lair:1   | Noticed a seven-headed hydra
 13237 | Lair:1   | Killed a 12-headed hydra
 14470 | Lair:1   | Noticed Scuka's ghost (journeyman TrMo)
 14513 | Lair:1   | Noticed Prince Ribbit
 14520 | Lair:1   | HP: 2/99 [Scuka's ghost (21)]
 14521 | Lair:1   | Mangled by a blink frog

Vault maps used:
D:1:      dpeg_arrival_long_road
D:2:      first_bread, dk_yredelemnul_ordeal, uniq_terence
D:4:      minmay_temple_entry_glass, uniq_pikel
D:5:      minmay_mini_ossuary, uniq_edmund
D:6:      eat_drink_and_be_merry_uskayaw, serial_bayou_pond_a, uniq_grinder
D:7:      the_bakery
D:8:      minmay_lair_entry_lava, hangedman_decor_diamond_cutter, uniq_joseph
D:10:     orc_0_dummy
D:12:     serial_ice, serial_ice_i, serial_ice_f, serial_ice_c, serial_ice_m,
          serial_ice_b, serial_ice_n
Temple:   kilobyte_greek_temple
Lair:1:   serial_bayou, serial_bayou_pond_e, serial_bayou_crossing,
          serial_bayou_pond_a, serial_bayou_pond_c, lemuel_fruit_tree,
          grunt_megastairs_5, minmay_lair_oklob_chamber, uniq_prince_ribbit2

Skill      XL: |  1  2  3  4  5  6  7  8  9 10 11 |
---------------+----------------------------------+-----
Long Blades    | 4 5 7 9 10 12 | 12.9
Armour         | 1 2 3 4 5 6 8 |  8.8
Fighting       | 4 5 6 8 9 |  9.8
Throwing       | 1 2 3 4 5 6 7 |  7.3
Dodging        | 4 5 6 7 8 |  8.9
Stealth        | |  1.5

Action                   |  1- 3 |  4- 6 |  7- 9 | 10-12 || total
-------------------------+-------+-------+-------+-------++-------
Melee: Falchion          |    75 |   144 |   330 |       ||   549
       Headbutt          |     9 |    28 |    88 |    55 ||   180
       Unarmed           |       |    22 |       |       ||    22
       War axe           |       |       |    29 |   264 ||   293
Throw: Javelin           |       |       |    19 |       ||    19
       Tomahawk          |       |       |     4 |       ||     4
Invok: Heroism           |       |     3 |     1 |     1 ||     5
Evoke: Wand              |       |       |     9 |     2 ||    11
       Phial of floods   |       |       |       |     1 ||     1
  Use: Scroll            |       |       |     9 |       ||     9
 Stab: Sleeping          |     2 |       |       |       ||     2
  Eat: Chunk             |     2 |     9 |    16 |    20 ||    47
       Bread ration      |       |       |     1 |       ||     1
Armor: Ring mail         |    26 |    12 |       |       ||    38
       Scale mail        |       |    37 |   109 |   122 ||   268
       Skin              |       |       |     2 |       ||     2
Dodge: Dodged            |    53 |    87 |   191 |   314 ||   645
       Rpst.: Falchion   |    16 |    23 |    42 |       ||    81

Table legend:
 A = Spawn XP
 B = Non-spawn XP
 C = Spawn XP percentage of total XP
 D = Spawn monster count
 E = Non-spawn monster count
 F = Spawn count percentage of total count
 G = Total turns spent on level
                    A         B        C        D         E        F      G
               +---------+---------+-------+---------+---------+-------+---------
         Total |       0 |   16060 |   0.0 |       0 |     263 |   0.0 | 14521
               +---------+---------+-------+---------+---------+-------+---------
           D:1 |       0 |      25 |   0.0 |       0 |      16 |   0.0 |  1131
           D:2 |       0 |     159 |   0.0 |       0 |      31 |   0.0 |  1843
           D:3 |       0 |      48 |   0.0 |       0 |      16 |   0.0 |   942
           D:4 |       0 |    1089 |   0.0 |       0 |      13 |   0.0 |   711
           D:5 |       0 |     670 |   0.0 |       0 |      27 |   0.0 |  1554
           D:6 |       0 |    1256 |   0.0 |       0 |      17 |   0.0 |  1060
           D:7 |       0 |    1288 |   0.0 |       0 |      32 |   0.0 |  1469
           D:8 |       0 |    1555 |   0.0 |       0 |      21 |   0.0 |  1717
           D:9 |       0 |    1338 |   0.0 |       0 |      29 |   0.0 |   906
          D:10 |       0 |     371 |   0.0 |       0 |       5 |   0.0 |   637
          D:11 |       0 |    3671 |   0.0 |       0 |      36 |   0.0 |  1139
          D:12 |       0 |     515 |   0.0 |       0 |       3 |   0.0 |    26
        Lair:1 |       0 |    4075 |   0.0 |       0 |      17 |   0.0 |  1125
               +---------+---------+-------+---------+---------+-------+---------
